 Dungeon Crawl Stone Soup version 0.28.0-53-g5a82cb258f (webtiles) character file.

Game seed: 1034420059334655540

1091 Peloso the Covered (level 8, -4/71 HPs)
             Began as a Minotaur Fighter on June 7, 2022.
             Slain by Grum
             ... wielding a +0 spear
              (7 damage)
             ... on level 8 of the Dungeon.
             The game lasted 00:06:43 (4851 turns).

Peloso the Covered (Minotaur Fighter)               Turns: 4851, Time: 00:06:43

Health: -4/71      AC: 13    Str: 21      XL:     8   Next: 9%
Magic:  7/7        EV:  6    Int:  5      God:
Gold:   279        SH:  5    Dex: 11 (12) Spells: 7/7 levels left

rFire   + . .      SeeInvis .   a - +0 long sword
rCold   + . .      Faith    .   c - +0 buckler
rNeg    . . .      Spirit   .   t - +0 plate armour
rPois   +          Reflect  .   (helmet restricted)
rElec   +          Harm     .   (no cloak)
rCorr   +          Rampage  .   (no gloves)
Will    .....                   (no boots)
Stlth   ..........              (no amulet)
HPRegen 0.21/turn               m - ring of resist corrosion
MPRegen 0.10/turn               (no ring)

@: mighty, resistant
A: horns 2, retaliatory headbutt, deterioration 2, electricity resistance
a: no special abilities


You were on level 8 of the Dungeon.
You visited 1 branch of the dungeon, and saw 6 of its levels.

You collected 279 gold pieces.

Inventory:

Hand Weapons
 a - a +0 long sword (weapon)
Armour
 b - a +0 scale mail
 c - a +0 buckler (worn)
 g - a +0 chain mail
 t - a +0 plate armour (worn)
 x - +0 fire dragon scales
Jewellery
 e - a ring of ice
 l - an amulet of magic regeneration
 m - a ring of resist corrosion (left hand)
 v - a ring of protection from cold
 B - a +4 ring of slaying
Scrolls
 f - 2 scrolls of noise {unknown}
 h - 3 scrolls of identify {unknown}
 j - a scroll of enchant armour {unknown}
 k - 4 scrolls of fog {unknown}
 n - 2 scrolls of immolation {unknown}
 o - 4 scrolls of silence {unknown}
 q - a scroll of amnesia {unknown}
 r - a scroll of fear {unknown}
 y - a scroll of teleportation {unknown}
Potions
 d - a potion of might
 i - a potion of mutation
 p - a potion of ambrosia {unknown}
 s - a potion of magic {unknown}
 u - a potion of resistance
 w - a potion of flight {unknown}
 z - a potion of heal wounds {unknown}
 A - a potion of berserk rage {unknown}


   Skills:
 + Level 6.4 Fighting
 + Level 6.9 Long Blades
 + Level 7.2 Armour
 + Level 1.0 Dodging
 + Level 0.3 Stealth
 + Level 5.2 Shields


You had 7 spell levels left.
You didn't know any spells.
Your spell library was empty.

Dungeon Overview and Level Annotations

Branches:
Dungeon (5/15)
 Temple: D:4-7

Altars:
Nemelex Xobeh

Shops:
D:3 [

Annotations:
D:8 Grum


Innate Abilities, Weirdness & Mutations

You have a pair of horns on your head.
You reflexively headbutt those who attack you in melee.
Your body often deteriorates upon taking damage.
You are resistant to electric shocks. (rElec)


Message History

The wolf is heavily wounded.
You block the wolf's attack. Grum hits you but does no damage.
The wolf bites you.
You completely miss the wolf. Your headbutt misses the wolf.
The wolf is heavily wounded.
Grum barely misses you. The wolf bites you. The wolf closely misses you.
Grum barely misses you.
You miss the wolf. Your headbutt misses the wolf.
The wolf is heavily wounded.
You block the wolf's attack. Grum barely misses you.
You hit the wolf.
The wolf is heavily wounded.
The wolf bites you. The wolf bites you but does no damage.
Grum hits you from afar with a +0 spear!
You hit the wolf.
The wolf is heavily wounded.
The wolf bites you.
* * * LOW HITPOINT WARNING * * *
The wolf closely misses you. You furiously retaliate!
You headbutt the wolf!!
You kill the wolf!
Grum closely misses you.
Your Dodging skill increases to level 1!
You closely miss the wolf. Your headbutt misses the wolf.
The wolf bites you but does no damage. The wolf bites you!
* * * LOW HITPOINT WARNING * * *
You block Grum's attack.
Unknown command.
It was a potion of mutation.
You feel extremely strange.
You feel yourself wasting away.
You feel your body start to fall apart.
You feel insulated. You block the wolf's attack.
Grum hits you from afar with a +0 spear!
* * * LOW HITPOINT WARNING * * *
Your body deteriorates!
You feel clumsy. The wolf bites you but does no damage.
It was a potion of resistance.
You feel protected. The wolf bites you but does no damage.
Grum hits you from afar with a +0 spear!
You die...

#........
##.......
#.......# .
#.......#
..##.......#
...........# #
#........#
#.#.....@..######
.....##h###.......
.....##g###.......
.....#..."........
..................
..................
....#.............
....##..........c.
#.)[##............


You could see Grum and a wolf.

Vanquished Creatures
  A wraith (D:5)
  Edmund (D:5)
  A black bear (D:4)
  A wolf (D:8)
  A necrophage (D:5)
  A centaur (D:4)
  A bullfrog (D:4)
  A scorpion (D:4)
  A hound (D:4)
  An orc priest (D:4)
  Jessica (D:2)
  An iguana (D:5)
  2 orc wizards (D:4)
  2 killer bee zombies (D:5)
  A hound skeleton (D:5)
  4 adders
  A shadow imp (D:5)
  A white imp (D:5)
  2 ufetubi (D:5)
  2 adder skeletons (D:4)
  4 worms (D:2)
  3 dart slugs (D:1)
  6 orcs
  2 endoplasms
  2 giant cockroaches
  7 goblins
  8 hobgoblins
  4 jackals (D:2)
  2 quokkas
  4 ball pythons
  6 bats
  A frilled lizard (D:1)
  8 kobolds
  5 rats
89 creatures vanquished.

Notes
Turn   | Place    | Note
-------+----------+-------------------------------------------
     0 | D:1      | Peloso the Minotaur Fighter began the quest for the Orb.
     0 | D:1      | Reached XP level 1. HP: 19/19 MP: 0/0
    18 | D:1      | Found a faded altar of an unknown god.
   125 | D:1      | Reached XP level 2. HP: 20/27 MP: 1/1
   436 | D:1      | Reached skill level 4 in Armour
  1144 | D:2      | Reached XP level 3. HP: 33/33 MP: 2/2
  1757 | D:2      | Noticed Jessica
  1762 | D:2      | Killed Jessica
  1763 | D:2      | Reached XP level 4. HP: 39/40 MP: 3/3
  2130 | D:3      | Found Cueru's Armour Shoppe.
  2266 | D:3      | Found a sparkling altar of Nemelex Xobeh.
  3160 | D:4      | Reached XP level 5. HP: 37/47 MP: 4/4
  3223 | D:4      | Reached skill level 5 in Armour
  3318 | D:4      | Noticed a black bear
  3324 | D:4      | Killed a black bear
  3325 | D:4      | Reached skill level 5 in Fighting
  3325 | D:4      | Reached XP level 6. HP: 50/56 MP: 5/5
  3526 | D:4      | Reached skill level 5 in Long Blades
  3793 | D:4      | Reached XP level 7. HP: 56/62 MP: 6/6
  4017 | D:5      | Entered Level 5 of the Dungeon
  4026 | D:5      | Reached skill level 6 in Armour
  4120 | D:5      | Noticed Edmund
  4148 | D:5      | Killed Edmund
  4448 | D:5      | Reached skill level 5 in Shields
  4570 | D:5      | Noticed a wraith
  4588 | D:5      | Killed a wraith
  4589 | D:5      | Reached skill level 7 in Armour
  4683 | D:5      | Reached XP level 8. HP: 66/71 MP: 7/7
  4830 | D:5      | You fall into a shaft and drop 3 floors!
  4830 | D:8      | Noticed a cyclops
  4830 | D:8      | Noticed Grum
  4848 | D:8      | Reached skill level 1 in Dodging
  4850 | D:8      | Gained mutation: Your body sometimes deteriorates upon
                  | taking damage. [potion of mutation]
  4850 | D:8      | Gained mutation: Your body often deteriorates upon taking
                  | damage. [potion of mutation]
  4850 | D:8      | Gained mutation: You are resistant to electric shocks.
                  | (rElec) [potion of mutation]
  4850 | D:8      | HP: 3/71 [Grum/+0 spear (9)]
  4851 | D:8      | Slain by Grum

Illustrated notes

Levels and vault maps discovered:
D:1:      heliophobic_arrival_glass_houses, layout_basic,
          hellmonk_ecumenical_altar_pennies_from_heaven
D:2:      layout_basic, serial_corexii_hall, corexii_hall_statues_i,
          chequers_hall_statues_corner_a, chequers_hall_statues_corner_a,
          corexii_hall_statues_i, corexii_hall_statues_t,
          corexii_hall_statues_s, grunt_decor_mini_mirrors, uniq_jessica
D:3:      cheibrodos_helix_gallery, layout_basic, marbit_many_paths,
          serial_shops, shop
D:4:      layout_loops_ring
D:5:      layout_rooms, uniq_edmund
D:8:      layout_basic, minmay_sticks_and_stones, uniq_grum

Skill      XL: |  1  2  3  4  5  6  7  8 |
---------------+-------------------------+-----
Fighting       | 4 5 6 |  6.4
Armour         | 4 5 7 |  7.2
Shields        | 4 5 |  5.2
Long Blades    | 3 4 5 6 |  6.9
Dodging        | 1 |  1.0
Stealth        | |  0.3

Action                   |  1- 3 |  4- 6 |  7- 9 || total
-------------------------+-------+-------+-------++-------
Melee: Long sword        |   107 |    91 |    87 ||   285
       Headbutt          |    20 |    18 |    12 ||    50
  Use: Potion            |       |       |     3 ||     3
Armor: Scale mail        |    20 |       |       ||    20
       Chain mail        |    49 |     6 |       ||    55
       Plate armour      |       |    67 |    58 ||   125
Dodge: Dodged            |    39 |    34 |    24 ||    97
Block: Buckler           |    27 |    21 |    26 ||    74
